 Dungeon Crawl Stone Soup version 0.19.0-19-g8c6edcc (webtiles) character file.

1177 Monkfish the Slicer (level 8, -6/51 HPs)
             Began as a Kobold Berserker on Nov 13, 2016.
             Was a Priest of Trog.
             Killed by divine providence
             ... invoked by an orc priest
              (14 damage)
             ... on level 7 of the Dungeon.
             The game lasted 00:09:37 (6758 turns).

Monkfish the Slicer (Kobold Berserker)              Turns: 6758, Time: 00:09:38

Health: -6/51      AC:  4    Str: 19    XL:     8   Next: 69%
Magic:  8/8        EV: 16    Int:  8    God:    Trog [***...]
Gold:   354        SH:  4    Dex: 14    Spells: 0 memorised, 7 levels left

rFire  . . .     SeeInvis .     a - +0 short sword
rCold  . . .     Gourm    .     l - +1 leather armour
rNeg   . . .     Faith    .     k - -1 buckler
rPois  .         Spirit   .     (no helmet)
rElec  .         Reflect  .     (no cloak)
rCorr  .         Harm     .     (no gloves)
MR     ++...                    (no boots)
Stlth  ++++......               (no amulet)
                                q - ring of stealth
                                o - +2 ring of strength

@: exhausted, regenerating, slowed, very slow
A: carnivore 3
a: Berserk, Trog's Hand, Burn Spellbooks, Renounce Religion


You were on level 7 of the Dungeon.
You worshipped Trog.
Trog was most pleased with you.
You were hungry.

You visited 1 branch of the dungeon, and saw 7 of its levels.

You collected 354 gold pieces.

Inventory:

Hand Weapons
 a - a +0 short sword (weapon)
Armour
 k - a -1 buckler (worn)
 l - a +1 leather armour (worn)
Jewellery
 o - a +2 ring of strength (left hand)
 q - a ring of stealth (right hand)
Wands
 e - a wand of flame (48/48)
 h - a wand of flame (14/48)
 v - a wand of digging (12/24)
Scrolls
 b - 3 scrolls of remove curse
 g - 2 scrolls of fear
 m - 3 scrolls of teleportation
Potions
 d - 2 potions of heal wounds
 i - 2 potions of curing
 j - 2 potions of agility
 n - a potion of invisibility
 p - 2 potions of magic {unknown}
 r - 2 potions of lignification {unknown}
Comestibles
 c - 3 meat rations
 f - a beef jerky


   Skills:
 + Level 5.6 Fighting
 + Level 8.5 Short Blades
 - Level 1.5 Armour
 + Level 5.0 Dodging
 * Level 6.3 Stealth
 * Level 2.2 Shields


You had 7 spell levels left.
You didn't know any spells.

Dungeon Overview and Level Annotations

Branches:
Dungeon (7/15)             Temple (0/1) D:7

Altars:
Hepliaklqana
Nemelex Xobeh
Xom
The Shining One

Shops:
D:5 !

Annotations:
D:7 Prince Ribbit


Innate Abilities, Weirdness & Mutations

You are small and have problems with some larger weapons.
You are carnivorous and can eat meat at any time.


Message History

You puncture the orc priest!
The orc priest is heavily wounded.
The orc warrior closely misses you. The orc priest closely misses you.
You hit the orc warrior.
The orc warrior is almost dead.
Prince Ribbit disappears!
Your shield prevents you from hitting the orc priest.
The orc priest is heavily wounded.
The orc priest looks braver for a moment.
You hit the orc warrior.
The orc warrior is almost dead.
You are no longer berserk.
Trog's vigour flows through your veins.
You are exhausted.
You feel yourself slow down. The orc warrior completely misses you.
You hit the orc priest.
The orc priest is severely wounded.
The orc priest calls down the wrath of Beogh upon you.
Beogh smites you!
You die...

..#.....#....###+###+####...#
..#.....#....##...##...##...#
..#.....#.....#....#........#
..#.....#.....#....#........#
..'.....#.....#....#........#
..#.....#.....#...##...####+#
..#.....#.....#...##...##
..#.....#.....#..[......#
..'.....#....###@###....#
.)#.....#....#.oo..#....#
))#.....#....#.....######
#)#.....#....#ยง......
........#....#........
........#....#..........
........'....#..........
.>......######..........
.........


You could see an orc warrior and an orc priest.

Vanquished Creatures
  The ghost of Monkfish the Cutter, an amateur KoBe of Trog (D:3)
  Edmund (D:6)
  An ogre (D:4)
  A big kobold (D:7)
  Blork the orc (D:6)
  A bullfrog (D:6)
  A scorpion (D:6)
  A hound (D:4)
  A bullfrog skeleton (D:6)
  2 orc priests
  An orc wizard (D:6)
  Terence (D:3)
  Natasha (thrice) (D:4 D:6)
  An iguana (D:6)
  4 worker ants
  A hound skeleton (D:4)
  A howler monkey zombie (D:6)
  8 adders
  A shadow imp (D:5)
  2 oozes
  An adder zombie (D:5)
  4 worms
  A dart slug (D:2)
  5 leopard geckos
  12 orcs
  6 giant cockroaches
  17 goblins
  8 hobgoblins
  2 jackals (D:3)
  12 kobolds
  2 quokkas (D:2)
  A ball python (D:4)
  9 bats
  8 frilled lizards
  11 rats
133 creatures vanquished.

Notes
Turn   | Place    | Note
-------+----------+-------------------------------------------
     0 | D:1      | Monkfish the Kobold Berserker began the quest for the Orb.
     0 | D:1      | Reached XP level 1. HP: 14/14 MP: 1/1
   315 | D:1      | Reached XP level 2. HP: 19/19 MP: 2/2
   543 | D:1      | Reached skill level 1 in Stealth
   546 | D:1      | Reached XP level 3. HP: 18/23 MP: 3/3
  1193 | D:2      | Reached skill level 5 in Short Blades
  1197 | D:2      | Reached ** piety under Trog
  1207 | D:2      | Reached XP level 4. HP: 29/29 MP: 4/4
  1813 | D:2      | Reached XP level 5. HP: 18/33 MP: 5/5
  2083 | D:3      | Noticed Terence
  2095 | D:3      | Killed Terence
  2648 | D:3      | Noticed Monkfish's ghost (amateur KoBe)
  2662 | D:3      | Killed Monkfish's ghost
  2662 | D:3      | Reached skill level 6 in Short Blades
  2662 | D:3      | Reached XP level 6. HP: 12/39 MP: 6/6
  3660 | D:4      | Reached XP level 7. HP: 20/44 MP: 7/7
  4117 | D:4      | Noticed Natasha
  4123 | D:4      | Killed Natasha
  4123 | D:4      | Reached skill level 5 in Stealth
  4436 | D:4      | Reached skill level 7 in Short Blades
  4505 | D:4      | Noticed Natasha
  4515 | D:4      | Killed Natasha
  4515 | D:4      | Reached skill level 5 in Fighting
  4706 | D:5      | Entered Level 5 of the Dungeon
  4911 | D:5      | Reached skill level 1 in Shields
  4928 | D:5      | Found Synix's Distillery.
  4997 | D:5      | Found a hazy altar of Hepliaklqana.
  5190 | D:5      | Found a shimmering altar of Xom.
  5191 | D:5      | Found a sparkling altar of Nemelex Xobeh.
  5196 | D:5      | Found a glowing golden altar of the Shining One.
  5847 | D:6      | Reached XP level 8. HP: 49/49 MP: 8/8
  5930 | D:6      | Noticed Edmund
  5933 | D:6      | Noticed Natasha
  5947 | D:6      | Killed Edmund
  5950 | D:6      | Killed Natasha
  6048 | D:6      | Reached skill level 8 in Short Blades
  6065 | D:6      | Noticed Blork the orc
  6072 | D:6      | Killed Blork the orc
  6603 | D:7      | Reached *** piety under Trog
  6669 | D:7      | Found a staircase to the Ecumenical Temple.
  6719 | D:7      | Noticed Prince Ribbit
  6726 | D:7      | Reached skill level 5 in Dodging
  6758 | D:7      | Killed from afar by an orc priest

Skill      XL: |  1  2  3  4  5  6  7  8 |
---------------+-------------------------+-----
Stealth        | 1 2 3 4 5 6 |  6.3
Short Blades   | 5 6 7 8 |  8.5
Dodging        | 3 4 5 |  5.0
Fighting       | 4 5 |  5.6
Shields        | 1 2 |  2.2
Armour         | |  1.5

Action                   |  1- 3 |  4- 6 |  7- 9 || total
-------------------------+-------+-------+-------++-------
Melee: Short sword       |   115 |   290 |   221 ||   626
Invok: Berserk           |     4 |     5 |    10 ||    19
       Trog's Hand       |       |     5 |     3 ||     8
       Burn Spellbooks   |       |       |     1 ||     1
  Use: Potion            |     3 |     2 |     2 ||     7
       Scroll            |     2 |     7 |     5 ||    14
 Stab: Sleeping          |     1 |     5 |     5 ||    11
       Invisible         |       |     2 |       ||     2
  Eat: Chunk             |     8 |    19 |     6 ||    33
       Meat ration       |       |       |     1 ||     1
Armor: Animal skin       |    20 |     6 |       ||    26
       Leather armour    |       |    30 |    18 ||    48
Dodge: Dodged            |    91 |   176 |   118 ||   385
Block: Buckler           |       |    10 |    24 ||    34
